HSSL
MASCONOMET HS CHIEFTANS @ JOHN JAY HS PATRIOTS
04/22/2026
 
TOP OF THE 1ST
Masconomet HS Chieftans batting - Pitching for John Jay HS Patriots : RHP Tom Brown
Pitching: RHP Tom Brown
Batting: RHB Frank Music 0-0: Fly out, F7 (Line Drive, 78S)
Pitching: LHP César Román
Batting: RHB Tyler Robinson 0-0: Foul Ball, location: 2F
0-1: Ground out 5-3 (Groundball, 5L)
Batting: LHB Trent Andrews 0-0: Ball
1-0: Called Strike
1-1: Foul Ball, location: 2F
1-2: Ball
2-2: Foul Ball, location: 2F
2-2: Ball
3-2: Base on Balls
Batting: RHB Clancy Castro 0-0: Ball
1-0: Called Strike
1-1: Ball
2-1: Called Strike
2-2: DOUBLE (Flyball, 8LXD)
Trent Andrews to third
Batting: RHB Lee Justice 0-0: Called Strike
0-1: Ball
Wild Pitch!
Trent Andrews scores
Clancy Castro to third
1-1: Called Strike
1-2: Ball
2-2: Ball
3-2: SINGLE (Line Drive, 6MD)
Clancy Castro scores
Batting: RHB Ryan Beck 0-0: Ball
1-0: Ball
2-0: SINGLE (Groundball, 6MD)
Lee Justice to second
Runner from 2nd tries for 3rd, SAFE, no throw or cutoff
Batting: RHB António Rojas 0-0: Ground out 6-3 (Groundball, 6)
Top of the 1st over - 2 run(s), 3 hit(s), 0 error(s), 2 left on base; Masconomet HS 2 - John Jay HS 0
BOTTOM OF THE 1ST
John Jay HS Patriots batting - Pitching for Masconomet HS Chieftans : RHP Britt McQueen
Pitching: RHP Britt McQueen
Batting: LHB Christian Lovelass 0-0: Ball
1-0: Called Strike
1-1: Fly out, F4 (Popup, 4MD)
Batting: RHB Jeff Benson 0-0: Ground out 4-3 (Groundball, 4)
Batting: RHB Marlon Hernández 0-0: Ball
1-0: Ball
2-0: Ball
3-0: Called Strike
3-1: Called Strike
3-2: Foul Ball, location: 2F
3-2: Base on Balls
Batting: RHB Ken Williams 0-0: Called Strike
0-1: Fly out, F9 (Flyball, 9S)
Bottom of the 1st over - 0 run(s), 0 hit(s), 0 error(s), 1 left on base; Masconomet HS 2 - John Jay HS 0
TOP OF THE 2ND
Masconomet HS Chieftans batting - Pitching for John Jay HS Patriots : LHP César Román
Batting: SHB Jim Orr 0-0: Called Strike
0-1: Foul Ball, location: 2F
0-2: Strikes out swinging
Batting: RHB Jack Bowman 0-0: Ball
1-0: SINGLE (Groundball, 5D)
Batting: RHB Frank Music 0-0: Ball
1-0: Fly out, F6 (Popup, 6D)
Batting: RHB Tyler Robinson 0-0: Ball
1-0: Foul Ball, location: 2F
1-1: Ball
2-1: Ball
3-1: Swinging Strike
3-2: Foul Ball, location: 2F
3-2: Base on Balls
Jack Bowman to second
Batting: LHB Trent Andrews 0-0: Ball
1-0: Called Strike
1-1: Ball
2-1: Foul Ball, location: 2F
2-2: Strikes out swinging
Top of the 2nd over - 0 run(s), 1 hit(s), 0 error(s), 2 left on base; Masconomet HS 2 - John Jay HS 0
BOTTOM OF THE 2ND
John Jay HS Patriots batting - Pitching for Masconomet HS Chieftans : RHP Britt McQueen
Batting: RHB Broderick Banks 0-0: Foul Ball, location: 2F
0-1: Ball
1-1: Ball
2-1: Foul Ball, location: 2F
2-2: Ball
3-2: Strikes out swinging
Batting: RHB Henry Catron 0-0: Ball
1-0: Called Strike
1-1: Ball
2-1: DOUBLE (Flyball, 8LM)
Batting: RHB Jason Taylor 0-0: Called Strike
0-1: Ground out 6-3 (Groundball, 6M)
Henry Catron to third
Batting: LHB Norberto Garza 0-0: Called Strike
0-1: Ball
1-1: Called Strike
1-2: Foul Ball, location: 2F
1-2: Foul Ball, location: 2F
1-2: Strikes out looking
Bottom of the 2nd over - 0 run(s), 1 hit(s), 0 error(s), 1 left on base; Masconomet HS 2 - John Jay HS 0
TOP OF THE 3RD
Masconomet HS Chieftans batting - Pitching for John Jay HS Patriots : LHP César Román
Batting: RHB Clancy Castro 0-0: Ball
1-0: Foul Ball, location: 2F
1-1: Foul Ball, location: 2F
1-2: Foul Ball, location: 2F
1-2: SINGLE (Groundball, 56D)
Batting: RHB Lee Justice 0-0: Called Strike
0-1: Ball
1-1: Fly out, F9 (Flyball, 9M)
Pitching: LHP Ed Voight
Batting: RHB Ryan Beck 0-0: SINGLE (Groundball, 56D)
Clancy Castro to second
Batting: RHB António Rojas 0-0: Ball
1-0: Ball
2-0: Called Strike
2-1: 3-RUN HOME RUN (Flyball, 89XD), Distance : 425 ft
Batting: SHB Jim Orr 0-0: Ball
1-0: Swinging Strike
1-1: Swinging Strike
1-2: Ball
2-2: Ball
3-2: Base on Balls
Batting: RHB Jack Bowman 0-0: Called Strike
0-1: SINGLE (Line Drive, 78S)
Jim Orr to second
Batting: RHB Frank Music 0-0: Foul Ball, location: 2F
0-1: Ball
1-1: Ball
2-1: Ball
3-1: Foul Ball, location: 2F
3-2: Fielders Choice at 2nd, 6-4 (Groundball, 6M)
Jim Orr to third
Batting: RHB Tyler Robinson 0-0: Fly out, F8 (Line Drive, 8LM)
Top of the 3rd over - 3 run(s), 4 hit(s), 0 error(s), 2 left on base; Masconomet HS 5 - John Jay HS 0
BOTTOM OF THE 3RD
John Jay HS Patriots batting - Pitching for Masconomet HS Chieftans : RHP Britt McQueen
Batting: SHB Andre Keeler 0-0: Ball
1-0: SINGLE (Line Drive, 89S)
Batting: LHB Christian Lovelass 0-0: Ball
1-0: Ball
2-0: Ball
3-0: Called Strike
3-1: Foul Ball, location: 2F
3-2: Base on Balls
Andre Keeler to second
Batting: RHB Jeff Benson 0-0: Called Strike
0-1: Ball
1-1: Ball
2-1: SINGLE (Flyball, 9LM)
Andre Keeler to third
Christian Lovelass to second
Batting: RHB Marlon Hernández 0-0: Ball
1-0: Ball
2-0: Called Strike
2-1: Swinging Strike
2-2: Ball
3-2: Base on Balls
Andre Keeler scores
Christian Lovelass to third
Jeff Benson to second
Batting: RHB Ken Williams 0-0: Swinging Strike
0-1: Called Strike
0-2: Ball
1-2: Fly out, F8 (Flyball, 8LM)
Runner from 3rd tags up, SCORES, no throw
Batting: RHB Broderick Banks 0-0: Ball
1-0: Ball
2-0: Grounds into double play, 2-6-3 (Groundball, 2R)
Bottom of the 3rd over - 2 run(s), 2 hit(s), 0 error(s), 1 left on base; Masconomet HS 5 - John Jay HS 2
TOP OF THE 4TH
Masconomet HS Chieftans batting - Pitching for John Jay HS Patriots : LHP Ed Voight
Batting: LHB Trent Andrews 0-0: Ball
1-0: DOUBLE (Flyball, 8RD)
Batting: RHB Clancy Castro 0-0: Called Strike
0-1: Ball
1-1: Ball
2-1: Ball
3-1: Base on Balls
Batting: RHB Lee Justice 0-0: Called Strike
0-1: Ball
1-1: Fielders Choice at 2nd, 5-4 (Groundball, 56)
Trent Andrews to third
Batting: RHB Ryan Beck 0-0: Foul Ball, location: 2F
0-1: Ball
1-1: Foul Ball, location: 2F
1-2: Fielders Choice at 2nd, 1-6 (Groundball, 13S)
Batting: RHB António Rojas 0-0: Ball
1-0: Ball
2-0: Ball
3-0: Called Strike
3-1: Fly out, F9 (Flyball, 9M)
Top of the 4th over - 0 run(s), 1 hit(s), 0 error(s), 2 left on base; Masconomet HS 5 - John Jay HS 2
BOTTOM OF THE 4TH
John Jay HS Patriots batting - Pitching for Masconomet HS Chieftans : RHP Britt McQueen
Batting: RHB Henry Catron 0-0: Called Strike
0-1: Ball
1-1: DOUBLE (Flyball, 7D)
Batting: RHB Jason Taylor 0-0: Ball
1-0: SINGLE (Groundball, 56D) (infield hit)
Henry Catron to third
Batting: LHB Norberto Garza 0-0: Ball
1-0: Ball
2-0: Ball
3-0: Base on Balls
Jason Taylor to second
Batting: SHB Andre Keeler 0-0: Ball
1-0: Swinging Strike
1-1: Ball
2-1: Foul Ball, location: 2F
2-2: Fly out, F7 (Flyball, 78M)
Throwing error, E7
Henry Catron scores
Jason Taylor to third
Norberto Garza to second
Batting: LHB Christian Lovelass 0-0: Ball
1-0: Called Strike
1-1: Swinging Strike
1-2: SINGLE (Line Drive, 6D)
Jason Taylor scores
Norberto Garza to third
Batting: RHB Jeff Benson 0-0: Foul Ball, location: 2F
0-1: Swinging Strike
0-2: Ball
1-2: Foul Ball, location: 2F
1-2: Strikes out swinging
Batting: RHB Marlon Hernández 0-0: SINGLE (Groundball, 56)
Norberto Garza scores
Christian Lovelass to second
Pitching: RHP Albert Berry
Batting: RHB Ken Williams 0-0: Ball
1-0: Ball
2-0: Ball
3-0: Called Strike
3-1: Base on Balls
Christian Lovelass to third
Marlon Hernández to second
Batting: RHB Broderick Banks 0-0: Ball
1-0: Called Strike
1-1: SINGLE (Groundball, 4MD)
Christian Lovelass scores
Marlon Hernández to third
Ken Williams to second
Runner from 3rd tries for Home, SAFE, throw made at trailing runner, SAFE at third!
Batting: RHB Henry Catron 0-0: Swinging Strike
0-1: Ball
1-1: 3-RUN HOME RUN (Flyball, 8LXD), Distance : 446 ft
Batting: RHB Jason Taylor 0-0: Called Strike
0-1: Swinging Strike
0-2: SINGLE (Line Drive, 6D)
Batting: LHB Norberto Garza 0-0: Called Strike
0-1: Ball
1-1: Ball
2-1: Fly out, F7 (Flyball, 7LS)
Bottom of the 4th over - 8 run(s), 7 hit(s), 1 error(s), 1 left on base; Masconomet HS 5 - John Jay HS 10
TOP OF THE 5TH
Masconomet HS Chieftans batting - Pitching for John Jay HS Patriots : LHP Ed Voight
Batting: SHB Jim Orr 0-0: Ball
1-0: Ball
2-0: Ball
3-0: Called Strike
3-1: Base on Balls
Pitching: RHP Carlos Esparza
Batting: RHB Jack Bowman 0-0: Ball
1-0: Ball
2-0: Ball
3-0: Base on Balls
Jim Orr to second
Batting: RHB Frank Music 0-0: Called Strike
0-1: Foul Ball, location: 2F
0-2: SINGLE (Popup, 4M)
Jim Orr to third
Jack Bowman to second
Batting: RHB Tyler Robinson 0-0: Called Strike
0-1: Fly out, F3 (Popup, 3SF)
Batting: LHB Trent Andrews 0-0: Ball
1-0: Called Strike
1-1: Swinging Strike
1-2: Ball
2-2: Strikes out swinging
Batting: RHB Clancy Castro 0-0: Ball
1-0: SINGLE (Line Drive, 9LS)
Jim Orr scores
Jack Bowman to third
Frank Music to second
Runner from 3rd tries for Home, SAFE, throw made at trailing runner, SAFE at third!
Batting: RHB Lee Justice 0-0: Swinging Strike
0-1: Foul Ball, location: 2F
0-2: Foul Ball, location: 2F
0-2: Foul Ball, location: 2F
0-2: Ball
1-2: Strikes out swinging
Top of the 5th over - 2 run(s), 2 hit(s), 0 error(s), 2 left on base; Masconomet HS 7 - John Jay HS 10
BOTTOM OF THE 5TH
John Jay HS Patriots batting - Pitching for Masconomet HS Chieftans : RHP Albert Berry
Batting: SHB Andre Keeler 0-0: Called Strike
0-1: Ball
1-1: Foul Ball, location: 2F
1-2: Ball
2-2: Foul Ball, location: 2F
2-2: Ball
3-2: Foul Ball, location: 2F
3-2: Base on Balls
Batting: LHB Christian Lovelass 0-0: Ball
1-0: Swinging Strike
1-1: Ball
2-1: Ball
3-1: Foul Ball, location: 2F
3-2: Foul Ball, location: 2F
3-2: Foul Ball, location: 2F
3-2: Reached on error, E4 (Groundball, 4)
Andre Keeler to second
Batting: RHB Jeff Benson 0-0: Ball
1-0: Ball
2-0: Ball
3-0: Base on Balls
Andre Keeler to third
Christian Lovelass to second
Batting: RHB Marlon Hernández 0-0: Called Strike
0-1: Ball
1-1: Foul Ball, location: 2F
1-2: Ball
2-2: Ball
3-2: Foul Ball, location: 2F
3-2: Strikes out looking
Batting: RHB Ken Williams 0-0: Ball
1-0: Foul Ball, location: 2F
1-1: Called Strike
1-2: Foul Ball, location: 2F
1-2: Strikes out looking
Batting: RHB Broderick Banks 0-0: Foul Ball, location: 2F
0-1: Foul Ball, location: 2F
0-2: Ball
1-2: Strikes out swinging
Bottom of the 5th over - 0 run(s), 0 hit(s), 1 error(s), 3 left on base; Masconomet HS 7 - John Jay HS 10
TOP OF THE 6TH
Masconomet HS Chieftans batting - Pitching for John Jay HS Patriots : RHP Carlos Esparza
Batting: RHB Ryan Beck 0-0: Ball
1-0: Foul Ball, location: 2F
1-1: Ball
2-1: Ball
3-1: Base on Balls
Batting: RHB António Rojas 0-0: Called Strike
0-1: Ball
1-1: Ball
2-1: Ball
3-1: Foul Ball, location: 2F
3-2: Foul Ball, location: 2F
3-2: Ground out 4-3 (Groundball, 4M)
Ryan Beck to second
Batting: SHB Jim Orr 0-0: Called Strike
0-1: Ball
1-1: Called Strike
1-2: Foul Ball, location: 2F
1-2: Ball
2-2: Ball
3-2: Strikes out swinging
Batting: RHB Jack Bowman 0-0: Fly out, F4 (Popup, 4D)
Top of the 6th over - 0 run(s), 0 hit(s), 0 error(s), 1 left on base; Masconomet HS 7 - John Jay HS 10
BOTTOM OF THE 6TH
John Jay HS Patriots batting - Pitching for Masconomet HS Chieftans : RHP Albert Berry
Pitching: RHP Pat Wright
Batting: RHB Henry Catron 0-0: Called Strike
0-1: Swinging Strike
0-2: Ball
1-2: Ball
2-2: Ball
3-2: Strikes out looking
Batting: RHB Jason Taylor 0-0: Ball
1-0: Swinging Strike
1-1: Ball
2-1: Ground out 5-3 (Groundball, 56)
Batting: LHB Norberto Garza 0-0: Called Strike
0-1: Ball
1-1: SINGLE (Groundball, 6MD)
Batting: SHB Andre Keeler 0-0: Swinging Strike
0-1: Foul Ball, location: 2F
0-2: Foul Ball, location: 2F
0-2: Ball
1-2: Ball
2-2: Foul Ball, location: 2F
2-2: Strikes out swinging
Bottom of the 6th over - 0 run(s), 1 hit(s), 0 error(s), 1 left on base; Masconomet HS 7 - John Jay HS 10
TOP OF THE 7TH
Masconomet HS Chieftans batting - Pitching for John Jay HS Patriots : RHP Carlos Esparza
Pitching: RHP Jeff Smith
Batting: RHB Frank Music 0-0: Foul Ball, location: 2F
0-1: Ball
1-1: Called Strike
1-2: Ground out 1-3 (Groundball, 23)
Batting: RHB Tyler Robinson 0-0: SINGLE (Groundball, 6MD) (infield hit)
Batting: LHB Trent Andrews 0-0: Called Strike
0-1: Swinging Strike
0-2: Ball
1-2: Strikes out swinging
Batting: RHB Clancy Castro 0-0: Called Strike
0-1: Foul Ball, location: 2F
0-2: Strikes out swinging
Top of the 7th over - 0 run(s), 1 hit(s), 0 error(s), 1 left on base; Masconomet HS 7 - John Jay HS 10
BOTTOM OF THE 7TH
John Jay HS Patriots batting - Pitching for Masconomet HS Chieftans : RHP Pat Wright
Batting: LHB Christian Lovelass 0-0: Foul Ball, location: 2F
0-1: Called Strike
0-2: Ball
1-2: Ball
2-2: Strikes out swinging
Batting: RHB Jeff Benson 0-0: Called Strike
0-1: Ball
1-1: Ball
2-1: Called Strike
2-2: DOUBLE (Groundball, 5L)
Batting: RHB Marlon Hernández 0-0: Intentional Walk
Batting: RHB Ken Williams 0-0: Ball
1-0: Called Strike
1-1: Reached on error, E5 (Groundball, 56)
Jeff Benson to third
Marlon Hernández to second
Batting: RHB Broderick Banks 0-0: Called Strike
0-1: Ball
1-1: Fly out, F6 (Line Drive, 6M)
Batting: RHB Henry Catron 0-0: Called Strike
0-1: Ball
1-1: Ball
Wild Pitch!
Jeff Benson scores
Marlon Hernández to third
Ken Williams to second
2-1: Foul Ball, location: 2F
2-2: Foul Ball, location: 2F
2-2: Strikes out swinging
Bottom of the 7th over - 1 run(s), 1 hit(s), 1 error(s), 2 left on base; Masconomet HS 7 - John Jay HS 11
TOP OF THE 8TH
Masconomet HS Chieftans batting - Pitching for John Jay HS Patriots : RHP Jeff Smith
Batting: RHB Lee Justice 0-0: Foul Ball, location: 2F
0-1: Called Strike
0-2: Strikes out looking
Batting: RHB Ryan Beck 0-0: SINGLE (Groundball, 34D)
Batting: RHB António Rojas 0-0: Ball
1-0: Foul Ball, location: 2F
1-1: Ball
2-1: Foul Ball, location: 2F
2-2: Strikes out swinging
Batting: SHB Jim Orr 0-0: Ball
1-0: Swinging Strike
1-1: Foul Ball, location: 2F
1-2: Strikes out swinging
Top of the 8th over - 0 run(s), 1 hit(s), 0 error(s), 1 left on base; Masconomet HS 7 - John Jay HS 11
BOTTOM OF THE 8TH
John Jay HS Patriots batting - Pitching for Masconomet HS Chieftans : RHP Pat Wright
Pitching: RHP Mitchell Fitzgerald
Batting: RHB Jason Taylor 0-0: Called Strike
0-1: Swinging Strike
0-2: Ball
1-2: Ball
2-2: SINGLE (Flyball, 8LS) - OUT at second base trying to stretch hit.
Batting: LHB Norberto Garza 0-0: Ball
1-0: Called Strike
1-1: Ground out 4-3 (Groundball, 4)
Batting: SHB Andre Keeler 0-0: Called Strike
0-1: Called Strike
0-2: DOUBLE (Flyball, 8LM)
Batting: LHB Christian Lovelass 0-0: Hit by Pitch
Batting: RHB Jeff Benson 0-0: Ball
1-0: Swinging Strike
1-1: Foul Ball, location: 2F
1-2: Ball
2-2: Strikes out looking
Bottom of the 8th over - 0 run(s), 2 hit(s), 0 error(s), 2 left on base; Masconomet HS 7 - John Jay HS 11
TOP OF THE 9TH
Masconomet HS Chieftans batting - Pitching for John Jay HS Patriots : RHP Jeff Smith
Batting: RHB Jack Bowman 0-0: Ball
1-0: Ball
2-0: Swinging Strike
2-1: Called Strike
2-2: Ball
3-2: Strikes out looking
Batting: RHB Frank Music 0-0: Ball
1-0: Bunt for hit - play at first, batter OUT! 1-3
Batting: RHB Tyler Robinson 0-0: Foul Ball, location: 2F
0-1: Swinging Strike
0-2: Foul Ball, location: 2F
0-2: Ball
1-2: Ball
2-2: Reached on error, E5 (Groundball, 5)
Batting: LHB Trent Andrews 0-0: SINGLE (Groundball, 34D)
Tyler Robinson to second
Runner from 2nd tries for 3rd, SAFE, throw made to third
Pitching: RHP R.J. McAlduie
Batting: RHB Clancy Castro 0-0: Foul Ball, location: 2F
0-1: Called Strike
0-2: Ball
1-2: Strikes out looking
Top of the 9th over - 0 run(s), 1 hit(s), 1 error(s), 2 left on base; Masconomet HS 7 - John Jay HS 11
Monday, December 5th, 2016 - OOTP Baseball 17.12 Build 75